 Dungeon Crawl Stone Soup version 0.24.0 (webtiles) character file.

Game seed: 15872178999421137328, levelgen mode: deterministic

1131 Ayyar the Cudgeler (level 8, -14/64 HPs)
             Began as a Gargoyle Fighter on Jan 30, 2020.
             Was a Believer of Okawaru.
             Demolished by Erolcha
             ... wielding a +7 giant spiked club
              (30 damage)
             ... while paralysed by Erolcha
             ... on level 9 of the Dungeon.
             The game lasted 00:22:40 (5011 turns).

Ayyar the Cudgeler (Gargoyle Fighter)               Turns: 5011, Time: 00:22:41

Health: -14/64     AC: 18    Str: 23    XL:     8   Next: 36%
Magic:  9/9        EV:  2    Int:  8    God:    Okawaru [**....]
Gold:   480        SH:  0    Dex:  9    Spells: 7/7 levels left

rFire    + . .     SeeInvis .   a - +0 flail
rCold    . . .     Gourm    .   c - +0 shield
rNeg     + + .     Faith    .   q - +2 chain mail {rPois}
rPois    ∞         Spirit   .   d - +0 helmet
rElec    +         Reflect  .   (no cloak)
rCorr    .         Harm     .   (no gloves)
MR       .....                  (no boots)
Stlth    ..........             E - amulet of Vitality {Regen+ HP+15}
HPRegen  0.60/turn              y - ring of positive energy
MPRegen  0.11/turn              B - ring of protection from fire

@: paralysed
A: negative energy resistance 1, electricity resistance, unbreathing,
petrification resistance, rot immunity, AC +5
a: Heroism, Renounce Religion


You were on level 9 of the Dungeon.
You worshipped Okawaru.
Okawaru was pleased with you.
You were not hungry.

You visited 2 branches of the dungeon, and saw 8 of its levels.

You collected 480 gold pieces.

Inventory:

Hand Weapons
 a - a +0 flail (weapon)
 p - a +0 mace
 F - a +3 double sword of holy wrath
Missiles
 i - a throwing net
 o - 32 poisoned darts (quivered)
 u - 4 javelins
Armour
 c - a +0 shield (worn)
 d - a +0 helmet (worn)
 q - a +2 chain mail of poison resistance (worn)
Jewellery
 y - a ring of positive energy (left hand)
 B - a ring of protection from fire (right hand)
 E - the amulet of Vitality (around neck) {Regen+ HP+15}
   (You found it on level 5 of the Dungeon)

   [amulet of regeneration]

   It affects your health (+15).
   It increases your rate of regeneration.
Scrolls
 g - a scroll of blinking {unknown}
 h - 4 scrolls of magic mapping
 j - a scroll of enchant weapon {unknown}
 k - a scroll of teleportation
 l - 2 scrolls of identify
 n - a scroll of fear {unknown}
 s - 3 scrolls of remove curse
 t - 2 scrolls of amnesia {unknown}
 C - a scroll of random uselessness {unknown}
 I - a scroll of summoning {unknown}
 J - a scroll of immolation {unknown}
Potions
 b - a potion of brilliance {unknown}
 e - 4 potions of curing {unknown}
 m - 3 potions of flight {unknown}
 r - 4 potions of mutation {unknown}
 v - a potion of lignification {unknown}
 w - 2 potions of degeneration {unknown}
 x - a potion of heal wounds {unknown}
 z - 2 potions of berserk rage {unknown}
 A - 3 potions of cancellation {unknown}
 G - a potion of resistance {unknown}
 H - a potion of might
Comestibles
 f - 7 rations
 D - 7 chunks of flesh


   Skills:
 + Level 5.2 Fighting
 * Level 5.8 Maces & Flails
 + Level 3.1 Throwing
 + Level 5.3 Armour
 + Level 5.3 Shields
 - Level 2.0 Invocations


You had 7 spell levels left.
You didn't know any spells.
Your spell library contained the following spells:

 Spells                   Type           Power        Failure   Level  Hunger
 Animate Skeleton         Necr           N/A          100%        1    ##.....
 Pain                     Necr           #...         100%        1    ##.....
 Regeneration             Chrm/Necr      #.........   100%        3    ####...
 Vampiric Draining        Necr           #.........   100%        3    ####...
 Animate Dead             Necr           N/A          100%        4    #####..


Dungeon Overview and Level Annotations

Branches:
Dungeon (6/15)             Temple (1/1) D:5

Altars:
Ashenzari
Dithmenos
Fedhas
Okawaru
Qazlal
Zin

Annotations:
D:9 Erolcha


Innate Abilities, Weirdness & Mutations

You are resistant to torment.
Your stone body is resilient. (AC +5)
You are immune to poison.
You resist negative energy. (rN+)
You are resistant to electric shocks. (rElec)
You can survive without breathing.
You are immune to petrification.
You are immune to rotting.


Message History

Found 19 gold pieces.
Found a stone staircase leading down.
The sky beast hits you but does no damage.
The bullfrog hits you but does no damage.
Erolcha barely misses you. The bullfrog hits you.
The sky beast hits you but does no damage.
Erolcha hits you with a +7 giant spiked club!!
The bullfrog hits you but does no damage.
Erolcha hits you with a +7 giant spiked club!
The sky beast hits you but does no damage.
The bullfrog hits you but does no damage.
The bullfrog hits you.
Erolcha hits you with a +7 giant spiked club.
The sky beast hits you.
* * * LOW HITPOINT WARNING * * *
The sky beast shocks you. You resist.
* * * LOW HITPOINT WARNING * * *
The bullfrog hits you but does no damage.
Erolcha hits you with a +7 giant spiked club!!
You die...

....ZZZ ....... .
..Z..ZZ ######.#.
.Z..8. #........ #....
####@......# ...
#..FYO......
#Z###Z.ZH......$
#..##...........
##.Z...........>
##...............
#...............#
..#####................
.<....................


You could see Erolcha, a hippogriff, a sky beast, a bullfrog, a goblin zombie
and 2 orc zombies.

Vanquished Creatures
  An ice beast (D:6)
  An ogre (D:5)
  Blork the orc (D:4)
  A howler monkey (D:5)
  2 crimson imps
  A centaur zombie (D:5)
  2 hounds
  2 orc priests
  An orc wizard (D:3)
  Jessica (D:2)
  Terence (D:2)
  An iguana (D:5)
  Natasha (thrice) (D:2)
  8 worker ants
  Robin (D:3)
  5 adders
  3 gnolls (D:5)
  4 river rats (D:5)
  An ooze (D:2)
  5 worms
  4 leopard geckos
  14 orcs
  4 giant cockroaches
  13 goblins
  5 hobgoblins (D:3)
  17 jackals
  3 kobolds
  2 quokkas
  A ball python (D:2)
  A ball python skeleton (D:4)
  4 bats
  3 frilled lizards
  A jackal skeleton (D:5)
  A leopard gecko skeleton (D:5)
  8 rats
126 creatures vanquished.

Vanquished Creatures (others)
  A plant (D:5)
1 creature vanquished.

Grand Total: 127 creatures vanquished

Notes
Turn   | Place    | Note
-------+----------+-------------------------------------------
     0 | D:1      | Ayyar the Gargoyle Fighter began the quest for the Orb.
     0 | D:1      | Reached XP level 1. HP: 14/14 MP: 1/1
   320 | D:1      | Reached XP level 2. HP: 18/19 MP: 2/2
   582 | D:2      | Reached XP level 3. HP: 10/23 MP: 3/3
   718 | D:2      | Noticed Terence
   724 | D:2      | Noticed Natasha
   732 | D:2      | Killed Terence
   732 | D:2      | Reached skill level 1 in Throwing
   732 | D:2      | Reached XP level 4. HP: 17/29 MP: 4/4
   740 | D:2      | Killed Natasha
   921 | D:2      | Found an iron altar of Okawaru.
   927 | D:2      | Became a worshipper of Warmaster Okawaru
   959 | D:2      | Noticed Natasha
   975 | D:2      | Killed Natasha
   992 | D:2      | Noticed Natasha
  1017 | D:2      | Killed Natasha
  1017 | D:2      | Reached XP level 5. HP: 25/33 MP: 5/5
  1225 | D:2      | Found a glowing silver altar of Zin.
  1341 | D:2      | Noticed Jessica
  1347 | D:2      | Killed Jessica
  1705 | D:2      | Found a shadowy altar of Dithmenos.
  1750 | D:3      | Found a stormy altar of Qazlal.
  1792 | D:3      | Noticed Robin
  1841 | D:3      | Killed Robin
  1931 | D:3      | Found a shattered altar of Ashenzari.
  1968 | D:3      | Reached XP level 6. HP: 38/38 MP: 6/6
  2086 | D:3      | Reached * piety under Okawaru
  2921 | D:4      | Noticed Blork the orc
  2932 | D:4      | Killed Blork the orc
  2932 | D:4      | Reached XP level 7. HP: 38/44 MP: 7/7
  3220 | D:4      | Reached skill level 1 in Invocations
  3646 | D:5      | Entered Level 5 of the Dungeon
  3821 | D:5      | Found the amulet of Vitality {Regen+ HP+15}
  3974 | D:5      | Reached ** piety under Okawaru
  4106 | D:5      | Reached skill level 5 in Maces & Flails
  4168 | D:5      | Found a blossoming altar of Fedhas.
  4196 | D:5      | Reached skill level 5 in Armour
  4196 | D:5      | Reached skill level 5 in Shields
  4290 | D:5      | Reached XP level 8. HP: 48/48 MP: 9/9
  4324 | D:5      | Reached skill level 5 in Fighting
  4391 | D:5      | Found a staircase to the Ecumenical Temple.
  4403 | Temple   | Entered the Ecumenical Temple
  4994 | D:6      | You fall into a shaft and drop 3 floors!
  4994 | D:9      | Noticed Erolcha
  4995 | D:9      | Noticed a hippogriff
  5006 | D:9      | Paralysed by Erolcha for 7 turns
  5011 | D:9      | Demolished by Erolcha

Levels and vault maps discovered:
D:1:      matt_arrival_grand_opening, layout_rooms, minmay_fountain_box,
          minmay_misc_feat_enclosed
D:2:      layout_rooms, zin_academy, old_standard_altar,
          lemuel_coloured_pillars_altar, ebering_dispersal_statue_hall,
          hangedman_decor_points, kennysheep_jessica_study, uniq_natasha,
          uniq_terence
D:3:      layout_loops_corners, nicolae_overflow_crystal_walls,
          minmay_misc_feat_roman, cheibrodos_ashenzari_chains, uniq_robin
D:4:      layout_basic, uniq_blork_the_orc
D:5:      wad_woods_tower, layout_rooms, fedhas_altar_2,
          minmay_temple_entry_antechambers, first_ration,
          minmay_misc_feat_tower, minmay_checkerbox
D:6:      layout_loops_ring, grunt_dithmenos_shadows
D:9:      layout_rooms, zombieorc2_lemuel, the_bakery,
          kennysheep_generic_room_8, uniq_erolcha
Temple:   eino_temple_scatter_basement
